 Dungeon Crawl Stone Soup version 0.22.0-36-g8e74550 (webtiles) character file.

4436 iamserjio the Grappler (level 10, 0/98 HPs)
             Began as a Troll Fighter on Aug 24, 2018.
             Was an Elder of Cheibriados.
             Slain by a hippogriff (10 damage)
             ... on level 2 of the Lair of Beasts.
             The game lasted 00:16:07 (2045 turns).

iamserjio the Grappler (Troll Fighter)              Turns: 2045, Time: 00:16:09

Health: 0/98       AC:  8    Str: 35    XL:     10   Next: 14%
Magic:  11/11      EV: 10    Int: 16    God:    Cheibriados [****..]
Gold:   235        SH: 12    Dex: 18    Spells: 9/9 levels left

rFire    . . .     SeeInvis .     - Unarmed
rCold    + . .     Gourm    +   b - +0 shield
rNeg     . . .     Faith    .   t - +1 robe "Luotrou" {*Drain rElec rC+}
rPois    .         Spirit   .   (helmet restricted)
rElec    +         Reflect  .   B - +1 cloak (curse)
rCorr    +         Harm     .   (gloves unavailable)
MR       .....                  (boots unavailable)
Stlth    ++........             q - amulet of the acrobat
HPRegen  0.66/turn              f - ring of resist corrosion
MPRegen  0.12/turn              (no ring)

@: lethally poisoned (0 -> 0), very slightly contaminated, invisible, very slow
A: large, unfitting armour, claws 3, fast metabolism 3, gourmand, regeneration
1, shaggy fur 1, tough skin 2
a: Bend Time, Temporal Distortion, Slouch, Renounce Religion


You were on level 2 of the Lair of Beasts.
You worshipped Cheibriados.
Cheibriados was greatly pleased with you.
You were very full.

You visited 3 branches of the dungeon, and saw 14 of its levels.
You also visited: Ossuary.

You collected 235 gold pieces.

Inventory:

Hand Weapons
 o - a +0 blowgun
Missiles
 p - 5 poisoned needles
Armour
 a - a +0 robe
 b - a +0 shield (worn)
 t - the +1 robe "Luotrou" (worn) {*Drain rElec rC+}
   (You took it off an orc wizard on level 9 of the Dungeon)

   It protects you from cold.
   It insulates you from electricity.
   It causes draining when unequipped.
 B - a cursed +1 cloak (worn)
 C - a scarf of repulsion
Jewellery
 f - a ring of resist corrosion (left claw)
 q - an amulet of the acrobat (around neck)
Wands
 D - a wand of flame (9)
Scrolls
 c - a scroll of immolation
 g - a scroll of enchant weapon
 h - 4 scrolls of remove curse {@r2}
 i - 2 scrolls of amnesia
 j - 3 scrolls of fog
 k - 2 scrolls of teleportation
 r - a scroll of noise
 s - a scroll of silence
 w - 2 scrolls of magic mapping
Potions
 e - a potion of ambrosia {unknown}
 l - 2 potions of haste
 m - a potion of brilliance {unknown}
 v - 2 potions of agility {unknown}
 x - a potion of might
 A - a potion of magic {unknown}
Miscellaneous
 y - a sack of spiders
Comestibles
 d - 10 rations
 z - a chunk of flesh


   Skills:
 + Level 5.6 Fighting
 - Level 3.0 Dodging
 + Level 5.6 Shields
 * Level 11.3 Unarmed Combat
 + Level 3.2 Invocations


You had 9 spell levels left.
You didn't know any spells.
Your spell library contained the following spells:

 Spells                   Type           Power        Failure   Level  Hunger
 Confusing Touch          Hex            #.....       45%         1    ##.....
 Confuse                  Hex            #.......     83%         3    ####...
 Gell's Gravitas          Tloc           #.........   83%         3    ####...
 Petrify                  Tmut/Erth      #.......     99%         4    #####..
 Metabolic Englaciation   Hex/Ice        #.........   100%        5    ######.
 Yara's Violent Unravell  Hex/Tmut       #.........   100%        5    ######.


Dungeon Overview and Level Annotations

Branches:
Dungeon (10/15)            Temple (1/1) D:6            Lair (3/6) D:9
  Swamp: Lair:2-4    Shoals: Lair:2-4     Snake: Lair:2-4    Spider: Lair:2-4
    Orc: D:9-12

Altars:
Cheibriados
Elyvilon
Gozag
Hepliaklqana
Nemelex Xobeh
Qazlal
Ru
Sif Muna
Vehumet
Wu Jian
Xom
Yredelemnul
Zin
The Shining One


Innate Abilities, Weirdness & Mutations

You are too large for most types of armour.
You have claws for hands.
Your metabolism is lightning-fast.
You like to eat raw meat.
Your natural rate of healing is unusually fast.
You are covered in fur. (AC +1)
You have very tough skin. (AC +2)


Message History

The hippogriff barely misses you.
The water moccasin bites you but does no damage.
You scratch the water moccasin.
The water moccasin is lightly wounded.
You block the water moccasin's attack. The water moccasin bites you.
* * * LOW HITPOINT WARNING * * *
You are poisoned.
The water moccasin poisons you!
You mangle the water moccasin!!
The water moccasin is almost dead.
You feel sick. You block the water moccasin's attack.
You claw the water moccasin!
You kill the water moccasin!
Cheibriados appreciates the change of pace.
You feel sick.
You strike the helpless hippogriff from behind!
You claw the hippogriff!
The hippogriff is moderately wounded.
The hippogriff bites you!
You die...

....... ............... .......
................ .......
................ .......
...............! #..###.
#..............# ##. #
#...?..........# ##.. .#
..$.....H%...# ##... ..###
.PP.....@....# ##.... ...#.
#P...........# ##.>... ....##
###.........## ##...... .....####
##........# ##.......
........##.#.......## ##......#.
........#.###.....######......###
#.>..........................##
##..........................##
#.........................#


You could see a hippogriff.

Vanquished Creatures
  A komodo dragon (Lair:2)
  A spiny frog (Lair:1)
  2 blink frogs (Lair:1)
  4 yaks (Lair:1)
  A wyvern (Lair:3)
  3 porcupines
  2 water moccasins (Lair:2)
  A sky beast (D:8)
  A necrophage (D:8)
  A phantom (D:5)
  2 ogres
  2 centaurs
  2 crocodiles
  2 big kobolds
  2 bullfrogs
  4 water moccasin zombies (Ossuary)
  2 scorpions
  2 crimson imps
  A bullfrog zombie (D:7)
  3 hounds
  2 quasits
  2 orc priests
  A centaur skeleton (D:4)
  7 orc wizards
  An iguana (D:4)
  5 worker ants
  5 big kobold zombies (Ossuary)
  A hound skeleton (D:4)
  2 mummies (Ossuary)
  4 adders
  2 shadow imps
  5 adder zombies (Ossuary)
  A dart slug (D:1)
  A leopard gecko (D:4)
  12 orcs
  6 giant cockroaches
  A gnoll zombie (Ossuary)
  4 goblins (D:1)
  6 hobgoblins
  3 jackals (D:1)
  16 kobolds
  2 quokkas
  A ball python (D:3)
  3 bats
  5 hobgoblin zombies (Ossuary)
  8 kobold zombies (Ossuary)
  A leopard gecko zombie (D:5)
  5 orc zombies (Ossuary)
151 creatures vanquished.

Notes
Turn   | Place    | Note
-------+----------+-------------------------------------------
     0 | D:1      | iamserjio the Troll Fighter began the quest for the Orb.
     0 | D:1      | Reached XP level 1. HP: 22/22 MP: 0/0
    28 | D:1      | Reached XP level 2. HP: 29/29 MP: 1/1
    46 | D:1      | Reached skill level 3 in Unarmed Combat
   116 | D:1      | Reached XP level 3. HP: 36/36 MP: 2/2
   282 | D:4      | Reached skill level 4 in Unarmed Combat
   283 | D:4      | Reached XP level 4. HP: 32/44 MP: 3/3
   349 | D:4      | Reached skill level 5 in Unarmed Combat
   349 | D:4      | Reached XP level 5. HP: 42/50 MP: 4/4
   358 | D:5      | Entered Level 5 of the Dungeon
   418 | D:6      | Found a sacrificial altar of Ru.
   418 | D:6      | Found a glowing golden altar of the Shining One.
   443 | D:6      | Reached skill level 6 in Unarmed Combat
   510 | D:6      | Found a staircase to the Ecumenical Temple.
   514 | Temple   | Entered the Ecumenical Temple
   519 | Temple   | Became a worshipper of Cheibriados the Contemplative
   536 | D:6      | Noticed a centaur
   544 | D:6      | Killed a centaur
   544 | D:6      | Reached XP level 6. HP: 21/59 MP: 5/5
   588 | D:5      | Reached skill level 7 in Unarmed Combat
   626 | D:4      | HP: 2/59 [iguana (7)]
   647 | D:4      | Reached XP level 7. HP: 18/66 MP: 6/6
   675 | D:5      | Reached skill level 8 in Unarmed Combat
   794 | D:6      | Reached * piety under Cheibriados
   835 | D:7      | Found a hazy altar of Hepliaklqana.
   876 | D:7      | Reached skill level 9 in Unarmed Combat
   882 | D:7      | Reached XP level 8. HP: 8/74 MP: 7/7
   977 | D:7      | Reached ** piety under Cheibriados
  1295 | D:8      | Found a sand-covered staircase.
  1394 | Ossuary  | Entered an ossuary
  1490 | Ossuary  | Reached *** piety under Cheibriados
  1601 | D:8      | Reached skill level 10 in Unarmed Combat
  1625 | D:9      | Found a staircase to the Lair.
  1684 | D:9      | Reached XP level 9. HP: 85/85 MP: 8/8
  1723 | D:10     | Entered Level 10 of the Dungeon
  1763 | D:9      | Got an opalescent robe
  1774 | D:9      | Identified the +1 robe "Luotrou" {*Drain rElec rC+} (You took it off an orc wizard on level 9 of the Dungeon)
  1781 | Lair:1   | Entered Level 1 of the Lair of Beasts
  1800 | Lair:1   | Noticed a spiny frog
  1806 | Lair:1   | Reached skill level 1 in Invocations
  1816 | Lair:1   | Killed a spiny frog
  1816 | Lair:1   | Reached skill level 5 in Fighting
  1817 | Lair:1   | Reached skill level 5 in Shields
  1830 | Lair:1   | HP: 4/88 [blink frog (12)]
  1939 | Lair:3   | Reached **** piety under Cheibriados
  1939 | Lair:3   | Reached skill level 11 in Unarmed Combat
  1958 | Lair:3   | Noticed a komodo dragon
  1970 | Lair:2   | Noticed a komodo dragon
  1978 | Lair:2   | Killed a komodo dragon
  1990 | Lair:1   | Reached XP level 10. HP: 96/96 MP: 11/11
  2045 | Lair:2   | Slain by a hippogriff

Skill      XL: |  1  2  3  4  5  6  7  8  9 10 |
---------------+-------------------------------+-----
Unarmed Combat | 3 4 5 6 7 9 10 11 | 11.3
Fighting       | 4 5 |  5.6
Shields        | 4 5 |  5.6
Invocations    | 2 3 |  3.2
Dodging        | 3 |  3.0

Action                   |  1- 3 |  4- 6 |  7- 9 | 10-12 || total
-------------------------+-------+-------+-------+-------++-------
Melee: Unarmed           |    57 |    84 |   310 |    20 ||   471
  Use: Scroll            |     1 |     6 |     7 |       ||    14
       Potion            |       |       |     5 |     2 ||     7
 Stab: Invisible         |       |       |     1 |     1 ||     2
  Eat: Chunk             |     5 |     4 |    11 |       ||    20
Armor: Robe              |    15 |    22 |    87 |     9 ||   133
Dodge: Dodged            |    14 |    28 |   116 |     8 ||   166
Block: Shield            |    22 |    35 |   159 |    21 ||   237
